TOP OF THE 1ST |
Virginia Cavaliers batting - Pitching for South Florida Bulls : RHP Shawn Miller
|
Pitching: RHP Shawn Miller
|
|
Batting: LHB Randy Pérez
|
0-0: SINGLE (Flyball, 9S)
|
Batting: LHB Jason Thompson
|
0-0: Called Strike 0-1: Ball 1-1: Ball Wild Pitch! Randy Pérez to second 2-1: Called Strike 2-2: Strikes out swinging
|
Batting: LHB Jack Davis
|
0-0: Called Strike 0-1: Ball 1-1: Ball 2-1: Foul Ball, location: 2F 2-2: Foul Ball, location: 2F 2-2: Ball 3-2: Foul Ball, location: 2F 3-2: Ground out 6-3 (Groundball, 56)
|
Batting: LHB Andrés Méndez
|
0-0: Called Strike 0-1: Ball 1-1: Ball 2-1: Foul Ball, location: 2F 2-2: Foul Ball, location: 2F 2-2: SINGLE (Line Drive, 9S) Randy Pérez to third
|
Batting: RHB Randy Love
|
0-0: Ball 1-0: Called Strike 1-1: Called Strike 1-2: Foul Ball, location: 2F 1-2: Ball 2-2: SINGLE (Flyball, 7LM) Randy Pérez scores Andrés Méndez to second
|
Batting: SHB Ed Hall
|
0-0: Ball 1-0: Ball 2-0: Called Strike 2-1: Ball 3-1: Ground out 4-3 (Groundball, 4)
|
Top of the 1st over - 1 run, 3 hits, 0 errors, 2 left on base; Virginia 1 - South Florida 0 |
BOTTOM OF THE 1ST |
South Florida Bulls batting - Pitching for Virginia Cavaliers : RHP Roy Guillén
|
Pitching: RHP Roy Guillén
|
|
Batting: RHB Brian Jones
|
0-0: Swinging Strike 0-1: Ball 1-1: SOLO HOME RUN (Flyball, 78XD), Distance : 371 ft
|
Batting: RHB Keith Olson
|
0-0: Ball 1-0: Ball 2-0: Ball 3-0: Called Strike 3-1: Foul Ball, location: 2F 3-2: Strikes out swinging
|
Batting: RHB Brian Lovell
|
0-0: Ball 1-0: Called Strike 1-1: Swinging Strike 1-2: Ball 2-2: Strikes out swinging
|
Batting: RHB Javier Gómez
|
0-0: Swinging Strike 0-1: Ball 1-1: SINGLE (Groundball, 6MD)
|
Batting: RHB Jon Hinton
|
0-0: Ball 1-0: Hit by Pitch Javier Gómez to second
|
Batting: RHB Mike McGee
|
0-0: Called Strike 0-1: Ball 1-1: Foul Ball, location: 2F 1-2: Strikes out swinging
|
Bottom of the 1st over - 1 run, 2 hits, 0 errors, 2 left on base; Virginia 1 - South Florida 1 |
TOP OF THE 2ND |
Virginia Cavaliers batting - Pitching for South Florida Bulls : RHP Shawn Miller
|
Batting: RHB Anthony Scott
|
0-0: Fly out, F9 (Flyball, 9D)
|
Batting: RHB Mark Greene
|
0-0: Swinging Strike 0-1: SINGLE (Line Drive, 6D)
|
Batting: SHB Ed Andrews
|
0-0: Swinging Strike 0-1: Swinging Strike 0-2: Strikes out swinging
|
Batting: LHB Randy Pérez
|
0-0: Ball 1-0: Ground out 4-3 (Groundball, 4)
|
Top of the 2nd over - 0 runs, 1 hit, 0 errors, 1 left on base; Virginia 1 - South Florida 1 |
BOTTOM OF THE 2ND |
South Florida Bulls batting - Pitching for Virginia Cavaliers : RHP Roy Guillén
|
Batting: RHB Coy Walsh
|
0-0: Ball 1-0: Ball 2-0: Ball 3-0: Base on Balls
|
Batting: RHB José Ramírez
|
0-0: Ball 1-0: Swinging Strike 1-1: SINGLE (Groundball, 34D) Coy Walsh to second Runner from 2nd tries for 3rd, SAFE, no throw
|
Batting: LHB Ramiro Valdés
|
0-0: SINGLE (Groundball, 56D) Coy Walsh scores José Ramírez to second
|
Batting: RHB Brian Jones
|
0-0: SINGLE (Groundball, 56D) José Ramírez to third Ramiro Valdés to second
|
Batting: RHB Keith Olson
|
0-0: Ball 1-0: Called Strike 1-1: Called Strike 1-2: Strikes out swinging
|
Batting: RHB Brian Lovell
|
0-0: Called Strike 0-1: Foul Ball, location: 2F 0-2: Strikes out looking
|
Batting: RHB Javier Gómez
|
0-0: Ball 1-0: Ball 2-0: SINGLE (Groundball, 34D) José Ramírez scores Ramiro Valdés to third Brian Jones to second Runner from 3rd tries for Home, SAFE, no throw
|
Batting: RHB Jon Hinton
|
0-0: Ball 1-0: Called Strike 1-1: Ball 2-1: Foul Ball, location: 2F 2-2: Ball 3-2: Fly out, F4 (Popup, 34)
|
Bottom of the 2nd over - 3 runs, 4 hits, 0 errors, 2 left on base; Virginia 1 - South Florida 4 |
TOP OF THE 3RD |
Virginia Cavaliers batting - Pitching for South Florida Bulls : RHP Shawn Miller
|
Batting: LHB Jason Thompson
|
0-0: Ball 1-0: Ball 2-0: Called Strike 2-1: Foul Ball, location: 2F 2-2: Strikes out swinging
|
Batting: LHB Jack Davis
|
0-0: Called Strike 0-1: Called Strike 0-2: Ball 1-2: Ball 2-2: Ball 3-2: SINGLE (Line Drive, 56D)
|
Batting: LHB Andrés Méndez
|
0-0: Called Strike 0-1: Foul Ball, location: 2F 0-2: Strikes out swinging
|
Batting: RHB Randy Love
|
0-0: Fly out, F8 (Flyball, 8LS)
|
Top of the 3rd over - 0 runs, 1 hit, 0 errors, 1 left on base; Virginia 1 - South Florida 4 |
BOTTOM OF THE 3RD |
South Florida Bulls batting - Pitching for Virginia Cavaliers : RHP Roy Guillén
|
Batting: RHB Mike McGee
|
0-0: Fly out, F9 (Flyball, 9)
|
Batting: RHB Coy Walsh
|
0-0: Ball 1-0: Ball 2-0: Ball 3-0: Called Strike 3-1: Called Strike 3-2: Foul Ball, location: 2F 3-2: Foul Ball, location: 2F 3-2: Base on Balls
|
Batting: RHB José Ramírez
|
0-0: Hit by Pitch Coy Walsh to second
|
Batting: LHB Ramiro Valdés
|
0-0: SINGLE (Line Drive, 8RS) Coy Walsh to third José Ramírez to second
|
Batting: RHB Brian Jones
|
0-0: Foul Ball, location: 2F 0-1: Foul Ball, location: 2F 0-2: Ball 1-2: Foul Ball, location: 2F 1-2: DOUBLE (Line Drive, 78XD) Coy Walsh scores José Ramírez scores Ramiro Valdés to third Runner from 3rd tries for Home, SAFE, no throw
|
Pitching: RHP Frank Cox
|
|
Batting: RHB Keith Olson
|
0-0: Ball 1-0: Foul Ball, location: 2F 1-1: Foul Ball, location: 2F 1-2: Ball 2-2: Strikes out looking
|
Batting: RHB Brian Lovell
|
0-0: Called Strike 0-1: Called Strike 0-2: Ball 1-2: Strikes out swinging
|
Bottom of the 3rd over - 3 runs, 2 hits, 0 errors, 1 left on base; Virginia 1 - South Florida 7 |
TOP OF THE 4TH |
Virginia Cavaliers batting - Pitching for South Florida Bulls : RHP Shawn Miller
|
Batting: SHB Ed Hall
|
0-0: Fly out, F8 (Flyball, 89S)
|
Batting: RHB Anthony Scott
|
0-0: DOUBLE (Line Drive, 7D)
|
Batting: RHB Mark Greene
|
0-0: Called Strike 0-1: Swinging Strike Balk! Anthony Scott to third 0-2: Foul Ball, location: 2F 0-2: Ball 1-2: Ball Balk! Anthony Scott scores 2-2: Foul Ball, location: 2F 2-2: Foul Ball, location: 2F 2-2: Ball 3-2: Base on Balls
|
Batting: SHB Ed Andrews
|
0-0: Ball 1-0: Ball 2-0: Swinging Strike 2-1: Ball 3-1: Foul Ball, location: 2F 3-2: Base on Balls Mark Greene to second
|
Batting: LHB Randy Pérez
|
0-0: Fielders Choice at 2nd, 4-6 (Groundball, 4) Mark Greene to third
|
Batting: LHB Jason Thompson
|
0-0: Ground out 5-3 (Groundball, 56S)
|
Top of the 4th over - 1 run, 1 hit, 0 errors, 2 left on base; Virginia 2 - South Florida 7 |
BOTTOM OF THE 4TH |
South Florida Bulls batting - Pitching for Virginia Cavaliers : RHP Frank Cox
|
Batting: RHB Javier Gómez
|
0-0: Ball 1-0: SINGLE (Groundball, 6D)
|
Batting: RHB Jon Hinton
|
0-0: Called Strike 0-1: Called Strike 0-2: Ball 1-2: SINGLE (Groundball, 6D) Javier Gómez to second Runner from 2nd tries for 3rd, OUT! Jon Hinton to second
|
Batting: RHB Mike McGee
|
0-0: Called Strike 0-1: Called Strike 0-2: Ball 1-2: Foul Ball, location: 2F 1-2: Strikes out swinging
|
Batting: RHB Coy Walsh
|
0-0: Ball 1-0: Foul Ball, location: 2F 1-1: Foul Ball, location: 2F 1-2: Ball 2-2: Foul Ball, location: 2F 2-2: Fly out, F9 (Flyball, 9D)
|
Bottom of the 4th over - 0 runs, 2 hits, 0 errors, 1 left on base; Virginia 2 - South Florida 7 |
TOP OF THE 5TH |
Virginia Cavaliers batting - Pitching for South Florida Bulls : RHP Shawn Miller
|
Batting: LHB Jack Davis
|
0-0: Ball 1-0: Called Strike 1-1: Foul Ball, location: 2F 1-2: Ball 2-2: Foul Ball, location: 2F 2-2: Ground out 5-3 (Groundball, 25)
|
Batting: LHB Andrés Méndez
|
0-0: Ground out 1-3 (Groundball, 13S)
|
Batting: RHB Randy Love
|
0-0: Foul Ball, location: 2F 0-1: Ball 1-1: Ground out 5-3 (Groundball, 5)
|
Top of the 5th over - 0 runs, 0 hits, 0 errors, 0 left on base; Virginia 2 - South Florida 7 |
BOTTOM OF THE 5TH |
South Florida Bulls batting - Pitching for Virginia Cavaliers : RHP Frank Cox
|
Batting: RHB José Ramírez
|
0-0: Ball 1-0: Called Strike 1-1: Ball 2-1: Ball 3-1: Foul Ball, location: 2F 3-2: Foul Ball, location: 2F 3-2: Base on Balls
|
Batting: LHB Ramiro Valdés
|
0-0: SINGLE (Groundball, 56D) José Ramírez to second
|
Batting: RHB Brian Jones
|
0-0: Ball 1-0: Ball 2-0: Foul Ball, location: 2F 2-1: Swinging Strike 2-2: Foul Ball, location: 2F 2-2: Ball 3-2: Strikes out swinging
|
Batting: RHB Keith Olson
|
0-0: Ball 1-0: Called Strike 1-1: Called Strike 1-2: Strikes out swinging
|
Batting: RHB Brian Lovell
|
0-0: Called Strike 0-1: Fly out, F4 (Popup, 4MD)
|
Bottom of the 5th over - 0 runs, 1 hit, 0 errors, 2 left on base; Virginia 2 - South Florida 7 |
TOP OF THE 6TH |
Virginia Cavaliers batting - Pitching for South Florida Bulls : RHP Shawn Miller
|
Pitching: RHP Paul Sanders
|
|
Batting: SHB Ed Hall
|
0-0: Ball 1-0: Ball 2-0: Ball 3-0: Base on Balls
|
Batting: RHB Anthony Scott
|
0-0: Ball 1-0: Called Strike 1-1: Ball 2-1: SINGLE (Groundball, 34D) Ed Hall to second Runner from 2nd tries for 3rd, SAFE, throw made to third
|
Batting: RHB Mark Greene
|
0-0: Ball 1-0: Foul Ball, location: 2F 1-1: 3-RUN HOME RUN (Flyball, 7LD), Distance : 337 ft
|
Pitching: LHP Denis Hoelscher
|
|
Batting: SHB Ed Andrews
|
0-0: Ball 1-0: Called Strike 1-1: Foul Ball, location: 2F 1-2: Foul Ball, location: 2F 1-2: Foul Ball, location: 2F 1-2: Ground out 5-3 (Groundball, 5)
|
Batting: LHB Randy Pérez
|
0-0: Swinging Strike 0-1: Foul Ball, location: 2F 0-2: SOLO HOME RUN (Flyball, 78XD), Distance : 386 ft
|
Batting: LHB Jason Thompson
|
0-0: Ball 1-0: Ball 2-0: Ball 3-0: Called Strike 3-1: Called Strike 3-2: Base on Balls
|
Batting: LHB Jack Davis
|
0-0: Ball 1-0: Ball 2-0: Foul Ball, location: 2F 2-1: Foul Ball, location: 2F 2-2: Foul Ball, location: 2F 2-2: Grounds into double play, 5-4-3 (Groundball, 56)
|
Top of the 6th over - 4 runs, 3 hits, 0 errors, 0 left on base; Virginia 6 - South Florida 7 |
BOTTOM OF THE 6TH |
South Florida Bulls batting - Pitching for Virginia Cavaliers : RHP Frank Cox
|
Batting: RHB Javier Gómez
|
0-0: Ball 1-0: Foul Ball, location: 2F 1-1: Foul Ball, location: 2F 1-2: Ball 2-2: Foul Ball, location: 2F 2-2: Fly out, F9 (Flyball, 89D)
|
Batting: RHB Jon Hinton
|
0-0: Ball 1-0: Foul Ball, location: 2F 1-1: Foul Ball, location: 2F 1-2: Ground out 4-3 (Groundball, 4)
|
Batting: RHB Mike McGee
|
0-0: Ball 1-0: Ball 2-0: SOLO HOME RUN (Line Drive, 9LD), Distance : 345 ft
|
Batting: RHB Coy Walsh
|
0-0: Ball 1-0: Called Strike 1-1: Ball 2-1: Ball 3-1: Base on Balls
|
Pitching: RHP Dan Phillips
|
|
Batting: RHB José Ramírez
|
0-0: Called Strike 0-1: Called Strike 0-2: Foul Ball, location: 2F 0-2: Strikes out swinging
|
Bottom of the 6th over - 1 run, 1 hit, 0 errors, 1 left on base; Virginia 6 - South Florida 8 |
TOP OF THE 7TH |
Virginia Cavaliers batting - Pitching for South Florida Bulls : LHP Denis Hoelscher
|
Batting: LHB Andrés Méndez
|
0-0: Foul Ball, location: 2F 0-1: Fly out, F9 (Line Drive, 9)
|
Batting: RHB Randy Love
|
0-0: Called Strike 0-1: Ball 1-1: Called Strike 1-2: Strikes out swinging
|
Batting: SHB Ed Hall
|
0-0: Ball 1-0: Called Strike 1-1: Swinging Strike 1-2: Ground out 5-3 (Groundball, 56S)
|
Top of the 7th over - 0 runs, 0 hits, 0 errors, 0 left on base; Virginia 6 - South Florida 8 |
BOTTOM OF THE 7TH |
South Florida Bulls batting - Pitching for Virginia Cavaliers : RHP Dan Phillips
|
Pitching: LHP Henry Alemán
|
|
Batting: LHB Ramiro Valdés
|
0-0: Ground out 6-3 (Groundball, 6)
|
Pitching: RHP Armando Lazaro
|
|
Batting: RHB Brian Jones
|
0-0: Swinging Strike 0-1: Ball 1-1: Ground out 4-3 (Groundball, 4)
|
Batting: RHB Keith Olson
|
0-0: Called Strike 0-1: Ball 1-1: Foul Ball, location: 2F 1-2: Ball 2-2: Strikes out looking
|
Bottom of the 7th over - 0 runs, 0 hits, 0 errors, 0 left on base; Virginia 6 - South Florida 8 |
TOP OF THE 8TH |
Virginia Cavaliers batting - Pitching for South Florida Bulls : LHP Denis Hoelscher
|
Batting: RHB Anthony Scott
|
0-0: Swinging Strike 0-1: Ball 1-1: Ball 2-1: Swinging Strike 2-2: Ball 3-2: Fly out, F8 (Flyball, 8RS)
|
Batting: RHB Mark Greene
|
0-0: Called Strike 0-1: Ball 1-1: Foul Ball, location: 2F 1-2: Foul Ball, location: 2F 1-2: Ground out 4-3 (Groundball, 4)
|
Batting: SHB Ed Andrews
|
0-0: Ball 1-0: SINGLE (Groundball, 56) (infield hit)
|
Pinch Runner at 1st Scott Hughes:
|
|
Batting: LHB Randy Pérez
|
0-0: Called Strike 0-1: Ball 1-1: SINGLE (Line Drive, 7LM) Scott Hughes to second
|
Pinch Hitting: SHB Frank Sewell
|
0-0: Called Strike 0-1: Foul Ball, location: 2F 0-2: Ball 1-2: Strikes out looking
|
Top of the 8th over - 0 runs, 2 hits, 0 errors, 2 left on base; Virginia 6 - South Florida 8 |
BOTTOM OF THE 8TH |
South Florida Bulls batting - Pitching for Virginia Cavaliers : RHP Armando Lazaro
|
Now at 1B: Frank Sewell
|
|
Now at 3B: Scott Hughes
|
|
Batting: RHB Brian Lovell
|
0-0: SINGLE (Groundball, 34S) (infield hit)
|
Batting: RHB Javier Gómez
|
0-0: Fielders Choice at 2nd, 1-6 (Groundball, 13)
|
Batting: RHB Jon Hinton
|
0-0: Ball Javier Gómez is caught stealing 2nd base 1-0: Called Strike 1-1: Fly out, F2 (Popup, 5SF)
|
Bottom of the 8th over - 0 runs, 1 hit, 0 errors, 0 left on base; Virginia 6 - South Florida 8 |
TOP OF THE 9TH |
Virginia Cavaliers batting - Pitching for South Florida Bulls : LHP Denis Hoelscher
|
Pitching: RHP José Ramírez
|
|
Batting: LHB Jack Davis
|
0-0: Called Strike 0-1: Foul Ball, location: 2F 0-2: Foul Ball, location: 2F 0-2: Ball 1-2: Strikes out swinging
|
Batting: LHB Andrés Méndez
|
0-0: Foul Ball, location: 2F 0-1: Swinging Strike 0-2: Ball 1-2: Foul Ball, location: 2F 1-2: Ball 2-2: Ball 3-2: Base on Balls
|
Batting: RHB Randy Love
|
0-0: Ball 1-0: Called Strike 1-1: Ball 2-1: Ball 3-1: Foul Ball, location: 2F 3-2: Strikes out swinging
|
Batting: SHB Ed Hall
|
0-0: Fielders Choice at 2nd, 6-4 (Groundball, 6)
|
Top of the 9th over - 0 runs, 0 hits, 0 errors, 1 left on base; Virginia 6 - South Florida 8 |
|